 Dungeon Crawl Stone Soup version 0.29-a0-553-g81b289dbe5 (webtiles) character file.

Game seed: 4192099408013774863

1 shadowstone the Skirmisher (level 1, 0/14 HPs)
             Began as a Gargoyle Fighter on June 6, 2022.
             Frozen to death by an endoplasm (5 damage)
             ... on level 1 of the Dungeon.
             The game lasted 00:00:12 (60 turns).

shadowstone the Skirmisher (Gargoyle Fighter)         Turns: 60, Time: 00:00:13

Health: 0/14       AC:  9    Str: 19    XL:     1   Next: 20%
Magic:  1/1        EV:  9    Int:  8    God:
Gold:   0          SH:  4    Dex:  9    Spells: 0/0 levels left

rFire   . . .      SeeInvis .   a - +0 trident
rCold   . . .      Faith    .   c - +0 buckler
rNeg    + . .      Spirit   .   b - +0 scale mail
rPois   ∞          Reflect  .   (no helmet)
rElec   +          Harm     .   (no cloak)
rCorr   .          Rampage  .   (no gloves)
Will    .....                   (no boots)
Stlth   ..........              (no amulet)
HPRegen 0.04/turn               (no ring)
MPRegen 0.07/turn               (no ring)

@: no status effects
A: sickness immunity, AC +2, negative energy resistance 1, electricity
resistance, torment resistance 1, petrification resistance
a: no special abilities


You were on level 1 of the Dungeon.
You visited 1 branch of the dungeon, and saw 1 of its levels.

Inventory:

Hand Weapons
 a - a +0 trident (weapon)
Armour
 b - a +0 scale mail (worn)
 c - a +0 buckler (worn)
Potions
 d - a potion of might


   Skills:
 + Level 3.3 Fighting
 + Level 1.7 Polearms
 + Level 3.3 Armour
 + Level 3.3 Shields


You couldn't memorise any spells.
You didn't know any spells.
Your spell library was empty.

Dungeon Overview and Level Annotations

Branches:
Dungeon (1/15)

Altars:

Shops:
D:1 :


Innate Abilities, Weirdness & Mutations

You are immune to sickness and miasma.
Your stone body is resilient. (AC +2)
You are immune to poison.
You resist negative energy. (rN+)
You are resistant to electric shocks. (rElec)
You are resistant to unholy torment.
You are immune to petrification.


Message History

You open the door.
There is an open door here.
You open the door.
Found 9 gold pieces and a ring mail.
Found 18 gold pieces.
There is an open door here.
A bat and a rat come into view.
An endoplasm comes into view.
The bat closely misses you.
You barely miss the bat. The bat barely misses you. The bat hits you.
You closely miss the bat. The bat hits you but does no damage.
The bat hits you. The bat hits you but does no damage.
The rat barely misses you. The bat hits you but does no damage.
The rat bites you but does no damage. The bat closely misses you.
The rat bites you but does no damage. You block the bat's attack.
The endoplasm attacks as you move away! The endoplasm barely misses you.
The bat hits you but does no damage. The endoplasm attacks as you move away!
The endoplasm barely misses you. The bat closely misses you.
The bat hits you but does no damage. The endoplasm attacks as you move away!
The endoplasm hits you but does no damage.
You block the bat's attack. The rat attacks as you move away!
You block the rat's attack. You block the bat's attack.
The rat attacks as you move away! The rat bites you.
The bat attacks as you move away! The bat hits you but does no damage.
The bat barely misses you. The bat hits you but does no damage.
You miss the bat. The bat hits you but does no damage.
The endoplasm hits you but does no damage.
You block the rat's attack. The endoplasm freezes you.
You are frozen.
The rat barely misses you.
You hit the bat.
The bat is heavily wounded.
The bat hits you but does no damage. The endoplasm freezes you.
You are frozen.
You die...

##.....#
#............#
...#.#)##
#......[.....#
##......#
#............#
###.#..#
#............# #.#∩.#
#....$.......# #.#..#
#............#
#.#..###............#
#.#.........r.J.....#
#.#.###....b.@.......
#.#!# #.............#
#.............#
#.##+########## #.


You could see an endoplasm, a bat and a rat.

Vanquished Creatures
  2 kobolds (D:1)
2 creatures vanquished.

Notes
Turn   | Place    | Note
-------+----------+-------------------------------------------
     0 | D:1      | shadowstone the Gargoyle Fighter began the quest for the
                  | Orb.
     0 | D:1      | Reached XP level 1. HP: 14/14 MP: 1/1
    15 | D:1      | Found Jiaxexau's Book Shoppe.
    60 | D:1      | Frozen to death by an endoplasm

Illustrated notes

Levels and vault maps discovered:
D:1:      minmay_arrival_semitransparent, layout_basic,
          dilly_ecumenical_altar_fadedgnrine, serial_shops, shop_fountains,
          shop, nicolae_lakefront_shop

Action                   || total
-------------------------++-------
Melee: Trident           ||     8
Armor: Scale mail        ||    16
Dodge: Dodged            ||    14
Block: Buckler           ||     5

Table legend: (Time is in decaauts)
 A = Elapsed time spent in this place.
 B = Non-inter-level travel time spent in this place.
 C = Inter-level travel time spent in this place.
 D = Time resting spent in this place.
 E = Time spent auto-exploring this place.
 F = Levels seen in this place.
 G = Mean time per level.
                   A        B        C        D        E       F      G
               +--------+--------+--------+--------+--------+-----+--------+
         Total |     62 |     62 |      0 |      0 |      0 |   1 |   62.0 |
       Dungeon |     62 |     62 |      0 |      0 |      0 |   1 |   62.0 |
               +--------+--------+--------+--------+--------+-----+--------+

Top non-repeatable levels by time:
     D:1: 62 daAuts
